| TOP OF THE 1ST |
|
Savannah Indians batting - Pitching for Jacksonville Suns : RHP Michael Villegas
|
|
Pitching: RHP Michael Villegas
|
|
|
Batting: RHB Angel Salazar
|
0-0: Ball 1-0: Called Strike 1-1: Called Strike 1-2: Ball 2-2: Ball 3-2: Strikes out swinging, 2-3 out at first.
|
|
Batting: LHB Felix Agapay
|
0-0: Called Strike 0-1: Ball 1-1: Ball 2-1: Ball 3-1: Fly out, F9 (Flyball, 9LM, EV 85.6 MPH)
|
|
Batting: RHB Jim Paciorek
|
0-0: Ball 1-0: Ball 2-0: SINGLE (Groundball, 34D, EV 106.9 MPH)
|
|
Batting: RHB Wade Rowdon
|
0-0: Ball 1-0: Called Strike 1-1: DOUBLE (Line Drive, 7LM, EV 105.0 MPH) Jim Paciorek to third Runner from 3rd tries for Home, SAFE, no throw by LF
|
|
Batting: RHB Ramiro Gutierrez
|
0-0: Ball 1-0: Ball 2-0: Fly out, F7 (Flyball, 7LS, EV 82.5 MPH)
|
| Top of the 1st over - 1 run, 2 hits, 0 errors, 1 left on base; Savannah 1 - Jacksonville 0 |
| BOTTOM OF THE 1ST |
|
Jacksonville Suns batting - Pitching for Savannah Indians : LHP Dennis Rasmussen
|
|
Pitching: LHP Dennis Rasmussen
|
|
|
Batting: RHB Lyle Brackenridge
|
0-0: Ball 1-0: Ball 2-0: Called Strike 2-1: Ball 3-1: Ground out 6-3 (Groundball, 6, EV 82.5 MPH)
|
|
Batting: LHB Stanley Younger
|
0-0: Ball 1-0: Fly out, F4 (Popup, 4D, EV 46.9 MPH)
|
|
Batting: LHB Andy Carlton
|
0-0: Ball 1-0: Fly out, F8 (Line Drive, 8RM, EV 103.8 MPH)
|
| Bottom of the 1st over - 0 runs, 0 hits, 0 errors, 0 left on base; Savannah 1 - Jacksonville 0 |
| TOP OF THE 2ND |
|
Savannah Indians batting - Pitching for Jacksonville Suns : RHP Michael Villegas
|
|
Batting: LHB Roberto Hernandez
|
0-0: Called Strike 0-1: Ball 1-1: Ball 2-1: Ground out 4-3 (Groundball, 4S, EV 85.6 MPH)
|
|
Batting: RHB Eddie Vargas
|
0-0: Foul Ball, location: 2F 0-1: Foul Ball, location: 2F 0-2: Fly out, F8 (Flyball, 8RXD, EV 92.5 MPH)
|
|
Batting: RHB Mario Diaz
|
0-0: Foul Ball, location: 2F 0-1: Ball 1-1: Swinging Strike 1-2: Fly out, F8 (Flyball, 8RD, EV 84.4 MPH)
|
| Top of the 2nd over - 0 runs, 0 hits, 0 errors, 0 left on base; Savannah 1 - Jacksonville 0 |
| BOTTOM OF THE 2ND |
|
Jacksonville Suns batting - Pitching for Savannah Indians : LHP Dennis Rasmussen
|
|
Batting: RHB Edward Packard
|
0-0: Foul Ball, location: 2F 0-1: Foul Ball, location: 2F 0-2: Strikes out looking
|
|
Batting: LHB Dave Baker
|
0-0: Called Strike 0-1: Foul Ball, location: 2F 0-2: Foul Ball, location: 2F 0-2: Strikes out swinging
|
|
Batting: SHB Joe Morales
|
0-0: Called Strike 0-1: Ball 1-1: Foul Ball, location: 2F 1-2: Foul Ball, location: 2F 1-2: Fly out, F8 (Flyball, 8LD, EV 76.3 MPH)
|
| Bottom of the 2nd over - 0 runs, 0 hits, 0 errors, 0 left on base; Savannah 1 - Jacksonville 0 |
| TOP OF THE 3RD |
|
Savannah Indians batting - Pitching for Jacksonville Suns : RHP Michael Villegas
|
|
Batting: RHB Dan Plante
|
0-0: Called Strike 0-1: Fly out, F8 (Flyball, 8LD, EV 76.9 MPH)
|
|
Batting: RHB Angel Salazar
|
0-0: SINGLE (Line Drive, 7S, EV 105.0 MPH)
|
|
Batting: LHB Felix Agapay
|
0-0: Fly out, F9 (Flyball, 89D, EV 105.6 MPH)
|
|
Batting: RHB Jim Paciorek
|
0-0: Called Strike Angel Salazar steals 2nd base 0-1: Fly out, F5 (Popup, 5F, EV 60.6 MPH)
|
| Top of the 3rd over - 0 runs, 1 hit, 0 errors, 1 left on base; Savannah 1 - Jacksonville 0 |
| BOTTOM OF THE 3RD |
|
Jacksonville Suns batting - Pitching for Savannah Indians : LHP Dennis Rasmussen
|
|
Batting: RHB Mark Nocciolo
|
0-0: Swinging Strike 0-1: Ball 1-1: Swinging Strike 1-2: Ground out 3-1 (Groundball, 34S, EV 65.0 MPH)
|
|
Batting: LHB Donald Seeker
|
0-0: Ball 1-0: Ball 2-0: Fly out, F2 (Popup, 5SF, EV 84.4 MPH)
|
|
Batting: RHB Henry Powell
|
0-0: Ball 1-0: Fly out, F8 (Flyball, 8LXD, EV 105.0 MPH)
|
| Bottom of the 3rd over - 0 runs, 0 hits, 0 errors, 0 left on base; Savannah 1 - Jacksonville 0 |
| TOP OF THE 4TH |
|
Savannah Indians batting - Pitching for Jacksonville Suns : RHP Michael Villegas
|
|
Batting: RHB Wade Rowdon
|
0-0: Ball 1-0: Fly out, F3 (Popup, 23F, EV 91.3 MPH)
|
|
Batting: RHB Ramiro Gutierrez
|
0-0: Ball 1-0: Ball 2-0: Ground out 5-3 (Groundball, 56, EV 107.5 MPH)
|
|
Batting: LHB Roberto Hernandez
|
0-0: Called Strike 0-1: Ball 1-1: Foul Ball, location: 2F 1-2: DOUBLE (Groundball, 5D, EV 108.1 MPH)
|
|
Batting: RHB Eddie Vargas
|
0-0: Called Strike 0-1: Ball 1-1: Ball 2-1: Ball 3-1: Called Strike 3-2: Strikes out swinging
|
| Top of the 4th over - 0 runs, 1 hit, 0 errors, 1 left on base; Savannah 1 - Jacksonville 0 |
| BOTTOM OF THE 4TH |
|
Jacksonville Suns batting - Pitching for Savannah Indians : LHP Dennis Rasmussen
|
|
Batting: RHB Lyle Brackenridge
|
0-0: Called Strike 0-1: DOUBLE (Line Drive, 7LM, EV 91.9 MPH)
|
|
Batting: LHB Stanley Younger
|
0-0: Called Strike 0-1: Foul Ball, location: 2F 0-2: Strikes out looking
|
|
Batting: LHB Andy Carlton
|
0-0: Called Strike 0-1: Ball 1-1: Foul Ball, location: 2F 1-2: Strikes out swinging
|
|
Batting: RHB Edward Packard
|
0-0: Ball 1-0: Ball 2-0: Called Strike 2-1: Fly out, F3 (Popup, 3SF, EV 85.0 MPH)
|
| Bottom of the 4th over - 0 runs, 1 hit, 0 errors, 1 left on base; Savannah 1 - Jacksonville 0 |
| TOP OF THE 5TH |
|
Savannah Indians batting - Pitching for Jacksonville Suns : RHP Michael Villegas
|
|
Batting: RHB Mario Diaz
|
0-0: Reached on error, E5 (Groundball, 56S, EV 89.4 MPH)
|
|
Batting: RHB Dan Plante
|
0-0: Called Strike 0-1: Foul Ball, location: 2F 0-2: Ball Wild Pitch! Mario Diaz to third 1-2: Foul Ball, location: 2F 1-2: Foul Ball, location: 2F 1-2: Strikes out swinging
|
|
Batting: RHB Angel Salazar
|
0-0: Ball 1-0: Ball 2-0: Fly out, F3 (Popup, 34S, EV 80.0 MPH)
|
|
Batting: LHB Felix Agapay
|
0-0: Ball 1-0: Ball 2-0: Ball 3-0: Called Strike 3-1: Base on Balls
|
|
Batting: RHB Jim Paciorek
|
0-0: Ball Felix Agapay steals 2nd base (no throw) 1-0: Foul Ball, location: 2F 1-1: Ground out 5-3 (Groundball, 56S, EV 76.9 MPH)
|
| Top of the 5th over - 0 runs, 0 hits, 1 error, 2 left on base; Savannah 1 - Jacksonville 0 |
| BOTTOM OF THE 5TH |
|
Jacksonville Suns batting - Pitching for Savannah Indians : LHP Dennis Rasmussen
|
|
Batting: LHB Dave Baker
|
0-0: Called Strike 0-1: Ball 1-1: Ball 2-1: Ball 3-1: Swinging Strike 3-2: Foul Ball, location: 2F 3-2: Ground out 6-3 (Groundball, 6, EV 90.0 MPH)
|
|
Batting: SHB Joe Morales
|
0-0: Ball 1-0: Ball 2-0: Called Strike 2-1: Ball 3-1: Foul Ball, location: 2F 3-2: Foul Ball, location: 2F 3-2: Foul Ball, location: 2F 3-2: Strikes out swinging
|
|
Batting: RHB Mark Nocciolo
|
0-0: Ball 1-0: Ball 2-0: Fly out, F4 (Popup, 3D, EV 53.8 MPH)
|
| Bottom of the 5th over - 0 runs, 0 hits, 0 errors, 0 left on base; Savannah 1 - Jacksonville 0 |
| TOP OF THE 6TH |
|
Savannah Indians batting - Pitching for Jacksonville Suns : RHP Michael Villegas
|
|
Batting: RHB Wade Rowdon
|
0-0: Swinging Strike 0-1: Ball 1-1: Swinging Strike 1-2: Ball 2-2: Strikes out swinging
|
|
Batting: RHB Ramiro Gutierrez
|
0-0: Ball 1-0: Foul Ball, location: 2F 1-1: Called Strike 1-2: SINGLE (Line Drive, 6D, EV 96.3 MPH)
|
|
Batting: LHB Roberto Hernandez
|
0-0: Swinging Strike 0-1: Called Strike 0-2: Ground out U3 (Groundball, 3S, EV 73.8 MPH) Ramiro Gutierrez to second
|
|
Batting: RHB Eddie Vargas
|
0-0: Called Strike 0-1: Ball 1-1: Called Strike 1-2: Ball 2-2: Foul Ball, location: 2F 2-2: Ball 3-2: Foul Ball, location: 2F 3-2: Fly out, F8 (Flyball, 78M, EV 95.6 MPH)
|
| Top of the 6th over - 0 runs, 1 hit, 0 errors, 1 left on base; Savannah 1 - Jacksonville 0 |
| BOTTOM OF THE 6TH |
|
Jacksonville Suns batting - Pitching for Savannah Indians : LHP Dennis Rasmussen
|
|
Batting: LHB Donald Seeker
|
0-0: Swinging Strike 0-1: Ball 1-1: Ball 2-1: Ball 3-1: Foul Ball, location: 2F 3-2: Foul Ball, location: 2F 3-2: Fly out, F7 (Flyball, 78D, EV 100.6 MPH)
|
|
Batting: RHB Henry Powell
|
0-0: Ball 1-0: Ball 2-0: Fly out, F1 (Line Drive, P, EV 63.8 MPH)
|
|
Batting: RHB Lyle Brackenridge
|
0-0: Ball 1-0: Foul Ball, location: 2F 1-1: Foul Ball, location: 2F 1-2: Ball 2-2: Ball 3-2: Base on Balls
|
|
Batting: LHB Stanley Younger
|
0-0: Ball 1-0: Called Strike 1-1: Swinging Strike 1-2: Fly out, F4 (Popup, 4S, EV 68.8 MPH)
|
| Bottom of the 6th over - 0 runs, 0 hits, 0 errors, 1 left on base; Savannah 1 - Jacksonville 0 |
| TOP OF THE 7TH |
|
Savannah Indians batting - Pitching for Jacksonville Suns : RHP Michael Villegas
|
|
Batting: RHB Mario Diaz
|
0-0: Ball 1-0: Foul Ball, location: 2F 1-1: Called Strike 1-2: Ball 2-2: Ground out 1-3 (Groundball, 34S, EV 66.3 MPH)
|
|
Batting: RHB Dan Plante
|
0-0: Ball 1-0: Foul Ball, location: 2F 1-1: Foul Ball, location: 2F 1-2: Foul Ball, location: 2F 1-2: Ball 2-2: Foul Ball, location: 2F 2-2: DOUBLE (Flyball, 8LXD, EV 101.9 MPH)
|
|
Batting: RHB Angel Salazar
|
0-0: Ball 1-0: Swinging Strike 1-1: Called Strike 1-2: Ball 2-2: Ground out 6-3 (Groundball, 6, EV 86.3 MPH)
|
|
Batting: LHB Felix Agapay
|
0-0: Called Strike 0-1: Ball 1-1: Ball 2-1: Ball 3-1: Foul Ball, location: 2F 3-2: Foul Ball, location: 2F 3-2: Base on Balls
|
|
Batting: RHB Jim Paciorek
|
0-0: Foul Ball, location: 2F 0-1: Ground out 6-3 (Groundball, 6S, EV 72.5 MPH)
|
| Top of the 7th over - 0 runs, 1 hit, 0 errors, 2 left on base; Savannah 1 - Jacksonville 0 |
| BOTTOM OF THE 7TH |
|
Jacksonville Suns batting - Pitching for Savannah Indians : LHP Dennis Rasmussen
|
|
Batting: LHB Andy Carlton
|
0-0: Called Strike 0-1: Fly out, F3 (Line Drive, 3, EV 73.8 MPH)
|
|
Batting: RHB Edward Packard
|
0-0: Called Strike 0-1: Ball 1-1: Ball 2-1: Ball 3-1: Base on Balls
|
|
Batting: LHB Dave Baker
|
0-0: Ball 1-0: Called Strike 1-1: SINGLE (Line Drive, 34D, EV 97.5 MPH) Edward Packard to second Runner from 2nd tries for 3rd, SAFE, no throw by RF
|
|
Batting: SHB Joe Morales
|
0-0: Ball 1-0: Called Strike 1-1: Called Strike 1-2: Ball 2-2: Fly out, F7 (Flyball, 78M, EV 84.4 MPH)
|
|
Batting: RHB Mark Nocciolo
|
0-0: Foul Ball, location: 2F 0-1: Foul Ball, location: 2F 0-2: Ball 1-2: Strikes out swinging
|
| Bottom of the 7th over - 0 runs, 1 hit, 0 errors, 2 left on base; Savannah 1 - Jacksonville 0 |
| TOP OF THE 8TH |
|
Savannah Indians batting - Pitching for Jacksonville Suns : RHP Michael Villegas
|
|
Batting: RHB Wade Rowdon
|
0-0: Called Strike 0-1: Ball 1-1: Foul Ball, location: 2F 1-2: Strikes out swinging
|
|
Batting: RHB Ramiro Gutierrez
|
0-0: Called Strike 0-1: Ball 1-1: Called Strike 1-2: Ball 2-2: Ball 3-2: Fly out, F9 (Flyball, 9, EV 81.3 MPH)
|
|
Batting: LHB Roberto Hernandez
|
0-0: Ground out 5-3 (Groundball, 56D, EV 84.4 MPH)
|
| Top of the 8th over - 0 runs, 0 hits, 0 errors, 0 left on base; Savannah 1 - Jacksonville 0 |
| BOTTOM OF THE 8TH |
|
Jacksonville Suns batting - Pitching for Savannah Indians : LHP Dennis Rasmussen
|
|
Batting: LHB Donald Seeker
|
0-0: Ball 1-0: Ball 2-0: Foul Ball, location: 2F 2-1: Swinging Strike 2-2: Strikes out swinging
|
|
Batting: RHB Henry Powell
|
0-0: Ball 1-0: Ball 2-0: Fly out, F7 (Flyball, 7S, EV 92.5 MPH)
|
|
Batting: RHB Lyle Brackenridge
|
0-0: Called Strike 0-1: Called Strike 0-2: Strikes out swinging
|
| Bottom of the 8th over - 0 runs, 0 hits, 0 errors, 0 left on base; Savannah 1 - Jacksonville 0 |
| TOP OF THE 9TH |
|
Savannah Indians batting - Pitching for Jacksonville Suns : RHP Michael Villegas
|
|
Batting: RHB Eddie Vargas
|
0-0: Fly out, F3 (Popup, 3SF, EV 66.9 MPH)
|
|
Batting: RHB Mario Diaz
|
0-0: Ball 1-0: Ball 2-0: Foul Ball, location: 2F 2-1: Ground out 6-3 (Groundball, 6MD, EV 110.0 MPH)
|
|
Batting: RHB Dan Plante
|
0-0: Called Strike 0-1: Ball 1-1: Foul Ball, location: 2F 1-2: Foul Ball, location: 2F 1-2: Strikes out looking
|
| Top of the 9th over - 0 runs, 0 hits, 0 errors, 0 left on base; Savannah 1 - Jacksonville 0 |
| BOTTOM OF THE 9TH |
|
Jacksonville Suns batting - Pitching for Savannah Indians : LHP Dennis Rasmussen
|
|
Now in LF: Albert Castillo
|
|
|
Pinch Hitting: RHB Jeff Spisok
|
0-0: Ball 1-0: Ball 2-0: Called Strike 2-1: Foul Ball, location: 2F 2-2: Ground out 6-3 (Groundball, 56, EV 82.5 MPH)
|
|
Batting: LHB Andy Carlton
|
0-0: Called Strike 0-1: Called Strike 0-2: Foul Ball, location: 2F 0-2: Ball 1-2: Ground out 6-3 (Groundball, 6, EV 88.1 MPH)
|
|
Batting: RHB Edward Packard
|
0-0: Called Strike 0-1: Ball 1-1: Ball 2-1: Ball 3-1: Called Strike 3-2: Fly out, F7 (Flyball, 78M, EV 81.9 MPH)
|
| Bottom of the 9th over - 0 runs, 0 hits, 0 errors, 0 left on base; Savannah 1 - Jacksonville 0 |
|